 Dungeon Crawl Stone Soup version 0.31-a0-210-gccc998df9b (console) character file.

Game seed: 4615943842037939130

23 petzl the Sneak (level 3, -4/29 HPs)
             Began as a Formicid Delver on June 29, 2023.
             Succumbed to a kobold's poison
             ... on level 1 of the Dungeon on June 30, 2023.
             The game lasted 00:05:30 (750 turns).

petzl the Sneak (Formicid Delver)                    Turns: 750, Time: 00:05:31

Health: -4/29      AC:  5    Str: 16    XL:     3   Next: 12%
Magic:  4/6        EV: 12    Int: 11    God:
Gold:   82         SH:  0    Dex: 15    Spells: 7/7 levels left

rFire   . . .        a - +0 sling
rCold   . . .        (no shield)
rNeg    . . .        o - +0 leather armour
rPois   .            (helmet unavailable)
rElec   .            (no cloak)
rCorr   .            m - +0 pair of gloves
SInv    +            k - +0 pair of boots
Will    .....        n - amulet of guardian spirit
Stlth   +++          (no ring)
HPRegen 0.24/turn    (no ring)
MPRegen 0.10/turn

%: guardian spirit
@: lethally poisoned (-4 -> -25), weak-willed
A: permanent stasis, dig shafts and tunnels, antennae 3, four strong arms
a: Dig, Shaft Self


You were on level 1 of the Dungeon.
You visited 1 branch of the dungeon, and saw 6 of its levels.

You collected 82 gold pieces.

Inventory:

Hand Weapons
 a - a +0 sling (weapon)
 b - a +0 long sword
 p - a +0 rapier
Armour
 k - a +0 pair of boots (worn)
 m - a +0 pair of gloves (worn)
 o - a +0 leather armour (worn)
Jewellery
 g - a ring of fire
 n - an amulet of guardian spirit (around neck)
Wands
 f - a wand of digging (3)
Scrolls
 c - a scroll of fog
 d - a scroll of revelation
 h - a scroll of silence {unknown}
 i - a scroll of vulnerability
 j - a scroll of immolation {unknown}
 l - 2 scrolls of identify {unknown}
Potions
 e - a potion of invisibility {unknown}
 q - 3 potions of curing {unknown}
 r - a potion of brilliance {unknown}


   Skills:
 - Level 3.2 Fighting
 - Level 2.0 Maces & Flails
 - Level 1.7 Dodging
 - Level 6.0 Stealth
 + Level 2.5 Spellcasting


You had 7 spell levels left.
You didn't know any spells.
Your spell library contained the following spells:

 Spells                   Type           Power      Damage    Failure   Level
 Summon Guardian Golem    Hex/Summ       1%         N/A       71%         3
 Orb of Destruction       Conj           0%         9d5       100%        7
 Spellforged Servitor     Conj/Summ      0%         N/A       100%        7


Dungeon Overview and Level Annotations

Branches:
Dungeon (6/15)
 Temple: D:4-7

Altars:
Cheibriados

Annotations:
D:3 exclusion: downstairs
D:4 exclusions: downstairs and scorpion


Innate Abilities, Weirdness & Mutations

You cannot be hasted, slowed, berserked, paralysed or teleported.
You can dig through walls and to a lower floor.
You have a pair of large antennae on your head. (SInv)
Your four strong arms can wield two-handed weapons with a shield.


Message History

You closely miss the kobold. The kobold closely misses you.
You closely miss the kobold.
The kobold hits you with a +2 short sword of venom.
You are poisoned.
You hit the kobold but do no damage.
You feel very sick.
The kobold hits you with a +2 short sword of venom.
You are lethally poisoned!
The kobold hits you with a +2 short sword of venom.
You are more poisoned.
You barely miss the kobold.
* * * LOW HITPOINT WARNING * * *
You feel extremely sick. The kobold barely misses you.
You are too injured to fight recklessly!
a - a +0 sling (weapon)
* * * LOW HITPOINT WARNING * * *
You feel sick. The kobold barely misses you.
Okay, then.
As you read the scroll labelled SAUTHR JYOWASMO, it crumbles to dust.
Magic quickly surges around you.
It was a scroll of vulnerability.
* * * LOW HITPOINT WARNING * * *
You feel very sick. The kobold hits you but does no damage.
You are more poisoned.
Unknown command.
Unknown command.
Unknown command.
Unknown command.
Press: ? - help, v - describe, . - travel
Here: a kobold, wielding a +2 short sword of venom (weak-willed)
The floor.
Unknown command.
Unknown command.
Unknown command.
Unknown command.
Unknown command.
Unknown command.
Unknown command.
You die...

#.....# ### #.....#
#.#.. ......# #.#.#
#.....# #.#†###.....
#.#.##....#####
###.#.##).K.....#
#.....##.@#.#
####.#.#.......#
#...............#
#.##.##.#........#
#.##.#....#..#.....
####.##......#........#
#......##....#....#.###
#.##.#.###.#.#.##.#.# #
#..>....#.#.# .#
......#....##..
##.............
#.#####.#####. ... ..
.# ... ###


You could see a kobold (weak-willed).

Vanquished Creatures
  An adder (D:2)
  2 endoplasms (D:2)
  A giant cockroach (D:4)
  A goblin (D:1)
  A hobgoblin (D:2)
  2 jackals (D:3)
  A kobold (D:3)
  A quokka (D:2)
  A ball python (D:2)
  2 rats
13 creatures vanquished.

Notes
Turn   | Place    | Note
-------+----------+-------------------------------------------
     0 | D:5      | petzl the Formicid Delver began the quest for the Orb.
     0 | D:5      | Reached XP level 1. HP: 18/18 MP: 1/1
    88 | D:4      | Noticed a scorpion
   157 | D:5      | Noticed an iguana
   272 | D:3      | Found a faded altar of an unknown god.
   308 | D:3      | Reached skill level 1 in Spellcasting
   310 | D:2      | Found a snail-covered altar of Cheibriados.
   344 | D:2      | Reached XP level 2. HP: 24/24 MP: 3/5
   640 | D:4      | Noticed a phantom
   671 | D:2      | Reached XP level 3. HP: 26/29 MP: 6/6
   749 | D:1      | HP: 1/29 [poisoned by a kobold]
   750 | D:1      | Succumbed to a kobold's poison

Illustrated notes

Levels and vault maps discovered:
D:1:      onia_arrival_pyramid, layout_loops_cross
D:2:      layout_loops_ring, basic_altar
D:3:      layout_rooms, hangedman_ru_absence, basic_ecumenical_altar,
          nrook_uturn
D:4:      layout_basic, sigmund_edmund_badplayer
D:5:      layout_cave_pools, serial_gnoll_camp, gnoll_camp_medium_01,
          gnoll_camp_mini_basic, gnoll_camp_mini_loothouse,
          gnoll_camp_mini_sergeant, gnoll_camp_mini_basic,
          hellmonk_ghost_happy_afterlife
D:6:      layout_basic, mainiacjoe_overflow_small_starburst,
          mainiacjoe_overflow_alcove_4, minmay_temple_entry_antechambers,
          lightli_sewer_entry_pipes, minivault_25, uniq_sigmund, uniq_pikel,
          uniq_crazy_yiuf_cottage

Skill      XL: |  1 |
---------------+----+-----
Spellcasting   | 2 |  2.5
Fighting       | |  3.2
Maces & Flails | |  2.0
Dodging        | |  1.7
Stealth        | |  6.0

Action                     || total
---------------------------++-------
  Melee: Long sword        ||    31
   Fire: Sling             ||    15
    Use: Scroll            ||     2
         Potion            ||     1
   Stab: Sleeping          ||     1
 Armour: Leather armour    ||    10
  Dodge: Dodged            ||    21

Table legend: (Time is in decaauts)
 A = Elapsed time spent in this place.
 B = Non-inter-level travel time spent in this place.
 C = Inter-level travel time spent in this place.
 D = Time resting spent in this place.
 E = Time spent auto-exploring this place.
 F = Levels seen in this place.
 G = Mean time per level.
                   A        B        C        D        E       F      G
               +--------+--------+--------+--------+--------+-----+--------+
         Total |    763 |    763 |      0 |      0 |    268 |   6 |  127.2 |
       Dungeon |    763 |    763 |      0 |      0 |    268 |   6 |  127.2 |
               +--------+--------+--------+--------+--------+-----+--------+

Top non-repeatable levels by time:
     D:2: 366 daAuts
     D:4: 229 daAuts
     D:3: 83 daAuts
     D:1: 38 daAuts
     D:5: 26 daAuts
     D:6: 18 daAuts
